 Dungeon Sprint DCSS version 0.32-a0-779-g362cfcae2a (webtiles) character file.

Game seed: 3989065019605978374

63 rocky1 the Slasher (level 4, -4/35 HPs)
             Began as a Coglin Gladiator on Mar 19, 2024.
             Slain by a gnoll bouda
             ... wielding a +0 club
              (8 damage)
             ... in the Dungeon (Sprint IX: "|||||||||||||||||||||||||||||").
             The game lasted 00:00:32 (29 turns).

rocky1 the Slasher (Coglin Gladiator)                 Turns: 29, Time: 00:00:33

Health: -4/35      AC: -4    Str: 15    XL:     4   Next: 10%
Magic:  4/4        EV: 13    Int:  7    God:
Gold:   0          SH:  0    Dex: 17    Spells: 3/3 levels left

rFire   . . .        a - +0 long sword {Wira}
rCold   . . .        f - +0 dagger {Haruki}
rNeg    . . .        b - +0 leather armour
rPois   .            c - +0 helmet
rElec   .            (no cloak)
rCorr   .            (no gloves)
SInv    .            (no boots)
Will    .....        (amulet unavailable)
Stlth   +            (ring unavailable)
HPRegen 0.25/turn    (ring unavailable)
MPRegen 0.09/turn    (no gizmo)

%: no teleportation
@: corroded, revved
A: off-hand wielding, slow wielding, warmup strikes, no jewellery
a: Invent Gizmo


You were in the Dungeon.
You visited 1 branch

Inventory:

Hand Weapons
 a - a +0 long sword (weapon) {Wira}
 f - a +0 dagger (offhand) {Haruki}
Missiles
 d - 3 throwing nets (quivered)
 e - a javelin
Armour
 b - a +0 leather armour (worn)
 c - a +0 helmet (worn)
Scrolls
 l - a scroll of blinking
Potions
 g - a potion of curing
 i - a potion of haste
 j - 2 potions of magic
 k - a potion of berserk rage


   Skills:
 + Level 3.1 Fighting
 + Level 5.6 Long Blades
 + Level 2.8 Throwing
 + Level 5.0 Dodging
 + Level 0.4 Stealth


You had 3 spell levels left.
You didn't know any spells.
Your spell library was empty.

Dungeon Overview and Level Annotations

Branches:
Dungeon (1/1)

Altars:


Innate Abilities, Weirdness & Mutations

You can wield a second weapon in your off-hand.
It takes a long time for you to wield or remove held weapons.
Your first few attacks do less damage.
You cannot equip rings or amulets.


Message History

Unknown command.
You barely miss the jelly with your +0 dagger.
You slash the jelly with your +0 long sword!
The acid corrodes you!
Your graspers burn!
The jelly hits you. The acid corrodes you!
You are splashed with acid!
* * * LOW HITPOINT WARNING * * *
You feel much better. The jelly misses you.
You hit the jelly but do no damage. The acid corrodes you!
Your graspers burn!
The jelly is heavily wounded.
You hit the jelly but do no damage.
Your graspers burn!
The jelly misses you.
You hit the jelly but do no damage.
Your graspers burn!
The jelly is heavily wounded.
You barely miss the jelly with your +0 long sword.
The jelly closely misses you.
You hit the jelly but do no damage.
Your graspers burn!
The jelly is heavily wounded.
You hit the jelly with your +0 long sword.
Your graspers burn!
The jelly closely misses you.
You hit the jelly with your +0 long sword.
You kill the jelly!
Your Fighting skill increases to level 3!
Your Long Blades skill increases to level 5!
Your Dodging skill increases to level 5!
You have reached level 4!
You feel stronger.
Unknown command.
You hit the gnoll bouda but do no damage.
You closely miss the gnoll bouda with your +0 dagger.
The gnoll bouda misses you.
You closely miss the gnoll bouda with your +0 dagger.
You hit the gnoll bouda but do no damage.
The gnoll bouda closely misses you.
You closely miss the gnoll bouda with your +0 dagger.
You closely miss the gnoll bouda with your +0 long sword.
The gnoll bouda hits you with a +0 club!
* * * LOW HITPOINT WARNING * * *
You hit the gnoll bouda but do no damage.
You barely miss the gnoll bouda with your +0 dagger.
The gnoll bouda hits you with a +0 club!
You die... ▓▓▓▓▓▓▓▓▓▓▓▓▓▓▓▓▓▓ ▓<...††....@gSS..+ ▓▓▓▓▓▓▓▓▓▓▓▓▓▓▓▓▓▓

You could see a gnoll bouda and 2 adders.

Vanquished Creatures
  2 jellies (D)
  An endoplasm (D)
  A hobgoblin (D)
  3 rats (D)
7 creatures vanquished.

Notes
Turn   | Place    | Note
-------+----------+-------------------------------------------
     0 | D        | rocky1 the Coglin Gladiator began the quest for the Orb.
     0 | D        | Reached XP level 1. HP: 16/16 MP: 1/1
    17 | D        | Noticed a jelly
    17 | D        | Noticed a jelly
    17 | D        | Noticed a gnoll bouda
    19 | D        | Killed a jelly
    20 | D        | Reached XP level 2. HP: 15/23 MP: 2/2
    20 | D        | Reached XP level 3. HP: 18/28 MP: 3/3
    26 | D        | Reached skill level 5 in Long Blades
    26 | D        | Reached skill level 5 in Dodging
    26 | D        | Reached XP level 4. HP: 12/35 MP: 4/4
    29 | D        | Slain by a gnoll bouda

Illustrated notes

Levels and vault maps discovered:
D:        linesprint [early_d, line_temple, items_1, d_10, items_2, lair_1,
          lair_end, items_3, orc_1, orc_end, items_4, d_15, swamp_1, shoals_1,
          snake_1, spider_1, d_20, vaults_1, items_5, swamp_end, shoals_end,
          snake_end, spider_end, vaults_end, d_27, items_6, zot_1, zot_end,
          crypt_end, forest_end, elf_end, slime_end, tomb_end, abyss_end,
          pan_hell_end]

Skill      XL: |  1  2  3 |
---------------+----------+-----
Dodging        | 4 5 |  5.0
Throwing       | 2 |  2.8
Long Blades    | 4 5 |  5.6
Fighting       | 3 |  3.1
Stealth        | |  0.4

Action                     |  1- 3 |  4- 6 || total
---------------------------+-------+-------++-------
  Melee: Long sword        |    12 |     4 ||    16
         Dagger            |    10 |     4 ||    14
    Use: Potion            |     1 |       ||     1
   Stab: Sleeping          |     1 |       ||     1
 Armour: Leather armour    |     1 |     2 ||     3
  Dodge: Dodged            |     6 |     2 ||     8

Table legend: (Time is in decaauts)
 A = Elapsed time spent in this place.
 B = Non-inter-level travel time spent in this place.
 C = Inter-level travel time spent in this place.
 D = Time resting spent in this place.
 E = Time spent auto-exploring this place.
 F = Levels seen in this place.
 G = Mean time per level.
                   A        B        C        D        E       F      G
               +--------+--------+--------+--------+--------+-----+--------+
         Total |     29 |     29 |      0 |      0 |      0 |   1 |   29.0 |
       Dungeon |     29 |     29 |      0 |      0 |      0 |   1 |   29.0 |
               +--------+--------+--------+--------+--------+-----+--------+

Top non-repeatable levels by time:
       D: 29 daAuts
